 Dungeon Crawl Stone Soup version 0.17-a0-802-g1f09329 (webtiles) character file.

286 oplop the Digger (level 6, 0/32 HPs)
             Began as a Gargoyle Earth Elementalist on Apr 26, 2015.
             Killed from afar by Dowan (13 damage)
             ... with a shard of ice
             ... on level 4 of the Dungeon.
             The game lasted 00:04:41 (2986 turns).

oplop the Digger (Gargoyle Earth Elementalist)      Turns: 2986, Time: 00:04:42

Health: 0/32       AC:  9    Str: 11    XL:     6   Next: 30%
Magic:  12/12      EV: 11    Int: 18    God:
Gold:   199        SH:  0    Dex: 10    Spells: 1 memorised, 12 levels left

rFire  . . .     SeeInvis .     p - +1 mace (drain)
rCold  . . .     Clarity  .     l - +0 leather armour
rNeg   + . .     SustAb   .     (no shield)
rPois  ∞         Gourm    .     (no helmet)
rElec  +         Spirit   .     v - +1 cloak
rCorr  .         Warding  .     (no gloves)
rMut   .         Stasis   .     (no boots)
MR     .....                    i - amulet of inaccuracy (curse)
Stlth  ++........               (no ring)
                                (no ring)

@: exhausted, slowed, very slow, not resistant to hostile enchantments,
unstealthy
A: negative energy resistance 1, electricity resistance, unbreathing,
petrification resistance, rot immunity, AC +4
a: no special abilities


You were on level 4 of the Dungeon.
You were not hungry.

You visited 1 branch of the dungeon, and saw 4 of its levels.

You collected 199 gold pieces.

Inventory:

Hand weapons
 g - a +0 whip
 p - a +1 mace of draining (weapon)
Missiles
 a - 181 stones (quivered)
Armour
 b - a +0 robe
 l - a +0 leather armour (worn)
 v - a +1 cloak (worn)
Jewellery
 i - a cursed amulet of inaccuracy (around neck)
Magical devices
 x - a wand of lightning (8)
Scrolls
 k - 2 scrolls of magic mapping
 n - 3 scrolls of identify
Potions
 e - a potion of curing {unknown}
 f - a potion of invisibility {unknown}
 j - 3 potions of agility {unknown}
 o - a potion of cure mutation {unknown}
 r - a potion of haste
 s - a potion of restore abilities {unknown}
 t - a potion of brilliance {unknown}
 w - a potion of poison {unknown}
 z - a potion of magic {unknown}
Books
 c - a book of Geomancy

   Spells                             Type                      Level
   a - Sandblast                      Earth                        1
   b - Stoneskin                      Transmutation/Earth          2
   c - Passwall                       Transmutation/Earth          3
   d - Stone Arrow                    Conjuration/Earth            3
   e - Petrify                        Transmutation/Earth          4
   f - Lee's Rapid Deconstruction     Earth                        5
Comestibles
 d - 7 bread rations
 h - a meat ration


   Skills:
 + Level 2.2 Maces & Flails
 - Level 1.5 Dodging
 - Level 2.1 Stealth
 * Level 4.1 Spellcasting
   Level 0.7 Transmutations
 * Level 5.9 Earth Magic


You had 12 spell levels left.
You knew the following spells:

 Your Spells              Type           Power        Failure   Level  Hunger
a - Sandblast             Erth           ####..       1%          1    None


Dungeon Overview and Level Annotations

Branches:
Dungeon (4/15)
 Temple: D:4-7

Altars:
Kikubaaqudgha
Makhleb
Nemelex Xobeh

Annotations:
D:3 Grinder
D:4 Dowan


Innate Abilities, Weirdness & Mutations

You are resistant to torment.
Your stone body is resilient (AC +4).
You are immune to poison.
You resist negative energy.
You are resistant to electric shocks.
You can survive without breathing.
You are immune to petrification.
You are immune to rotting.


Message History

Dowan points at you and mumbles some strange words.
The shard of ice misses you. Dowan hits you but does no damage.
You closely miss the bat.
The bat is severely wounded.
The bat seems less drained.
The bat misses you. Dowan barely misses you.
The bat hits you but does no damage. Dowan barely misses you.
Dowan hits you but does no damage.
You miss the bat.
The bat is severely wounded.
The bat closely misses you. The bat misses you. Dowan completely misses you.
The bat hits you but does no damage. Dowan hits you but does no damage.
The bat hits you but does no damage. Dowan hits you but does no damage.
You closely miss the bat.
The bat is severely wounded.
The bat hits you but does no damage. Dowan hits you but does no damage.
Dowan casts a spell.
Dowan blinks!
Dowan casts a spell at you. The shard of ice hits you!
You die...

..# ##..............##
..## ###....e......#....#
...#
##............###...##
###..####.......##....#
##...##
......#.......e####...##
##...## ...............##
#....# #....##
..>.......#.....####...##
##....#
..........####.#§###....#
#..... ......[.###
###@.###...## #.....
....#...# #†)#
#.#..####.... .#.##..###
##b# #.....###....
..#####..#
####..#....#..... ## #..#
#>............ # #..#
###........... ##.###
#..........# ##..#
####...).... #..##
#.........


You could see Dowan and a bat.

Vanquished Creatures
  Duvessa (D:4)
  A hound (D:4)
  A centaur skeleton (D:4)
  A worker ant (D:4)
  5 adders
  A worm (D:1)
  A giant gecko (D:1)
  2 orcs (D:3)
  4 bats
  9 goblins
  7 hobgoblins
  4 jackals (D:2)
  A quokka (D:2)
  A giant newt (D:1)
  5 kobolds
  2 rats
46 creatures vanquished.

Notes
Turn   | Place    | Note
--------------------------------------------------------------
     0 | D:1      | oplop, the Gargoyle Earth Elementalist, began the quest for the Orb.
     0 | D:1      | Reached XP level 1. HP: 10/10 MP: 3/3
   685 | D:1      | Found a sparkling altar of Nemelex Xobeh.
   699 | D:1      | Reached skill level 4 in Earth Magic
   699 | D:1      | Reached XP level 2. HP: 12/15 MP: 3/5
  1539 | D:2      | Reached XP level 3. HP: 16/19 MP: 7/7
  1874 | D:2      | Found an ancient bone altar of Kikubaaqudgha.
  2085 | D:3      | Noticed Grinder
  2124 | D:3      | Reached XP level 4. HP: 18/24 MP: 6/8
  2133 | D:3      | Reached skill level 1 in Maces & Flails
  2617 | D:4      | Reached skill level 5 in Earth Magic
  2619 | D:4      | Reached XP level 5. HP: 12/28 MP: 8/10
  2911 | D:4      | Found a burning altar of Makhleb.
  2917 | D:4      | Noticed Duvessa
  2918 | D:4      | Noticed Dowan
  2969 | D:4      | Killed Duvessa
  2969 | D:4      | Reached XP level 6. HP: 32/32 MP: 10/12
  2986 | D:4      | Killed from afar by Dowan

Action                   |  1- 3 |  4- 6 || total
-------------------------+-------+-------++-------
Melee: Whip              |    40 |       ||    40
       Mace              |    56 |    87 ||   143
 Cast: Sandblast         |    23 |     5 ||    28
  Use: Scroll            |     4 |     1 ||     5
       Potion            |       |     1 ||     1
  Eat: Fruit             |     2 |       ||     2
       Chunk             |     2 |     1 ||     3
       Royal jelly       |       |     1 ||     1
       Beef jerky        |       |     1 ||     1
